 Dungeon Crawl Stone Soup version 0.21.1-1-g345015f (webtiles) character file.

2092 Lejonmanen the Cutter (level 9, -3/62 HPs)
             Began as a Halfling Skald on Feb 23, 2018.
             Was a Priest of Dithmenos.
             Slain by an unseen horror (6 damage)
             ... on level 6 of the Dungeon on Feb 26, 2018.
             The game lasted 01:24:55 (6631 turns).

Lejonmanen the Cutter (Halfling Skald)              Turns: 6631, Time: 01:24:55

Health: -3/62      AC:  5    Str: 12    XL:     9   Next: 52%
Magic:  22/22      EV: 16    Int: 16    God:    Dithmenos [***...]
Gold:   256        SH:  2    Dex: 16    Spells: 2/14 levels left

rFire    . . .     SeeInvis .   a - +8 mace "Halfling's Peril" {venom, MP+9 Int+4}
rCold    . . .     Gourm    .   (shield restricted)
rNeg     . . .     Faith    .   u - +0 leather armour
rPois    .         Spirit   .   (no helmet)
rElec    .         Reflect  +   (no cloak)
rCorr    .         Harm     .   q - +1 pair of gloves
MR       .....                  (no boots)
Stlth    ++........             y - +2 amulet of reflection
HPRegen  0.20/turn              w - ring of wizardry
MPRegen  0.18/turn              C - +1 ring of evasion

@: very slightly contaminated, wreathed by umbra, invisible
A: small, hooves 1, mutation resistance 1
a: Shadow Step, Renounce Religion


You were on level 6 of the Dungeon.
You worshipped Dithmenos.
Dithmenos was most pleased with you.
You were not hungry.

You visited 2 branches of the dungeon, and saw 9 of its levels.
You also visited: Ossuary.

You collected 314 gold pieces.
You spent 58 gold pieces at shops.

Inventory:

Hand Weapons
 a - the +8 mace "Halfling's Peril" (weapon) {venom, MP+9 Int+4}
   (You found it on level 4 of the Dungeon)

   It poisons the flesh of those it strikes.
   It affects your intelligence (+4).
   It affects your magic capacity (+9).
 b - a +2 flail of holy wrath
 c - a +1 short sword
 f - a cursed -2 long sword
 s - a +0 short sword
 A - a +0 long sword
 H - a +1 dagger of holy wrath
Missiles
 i - 88 stones (quivered)
Armour
 j - a +0 ring mail
 o - a +0 leather armour
 q - a +1 pair of gloves (worn)
 u - a +0 leather armour (worn)
 M - a +0 pair of boots
Jewellery
 w - a ring of wizardry (left hand)
 y - a +2 amulet of reflection (around neck)
 z - an uncursed ring of fire
 C - a +1 ring of evasion (right hand)
 U - an uncursed ring of ice
Wands
 p - a wand of enslavement (7)
 G - a wand of paralysis (9)
 K - a wand of polymorph (15)
 L - a wand of clouds (4)
 R - a wand of acid (17)
Scrolls
 g - 3 scrolls of noise
 k - 2 scrolls of immolation {unknown}
 l - a scroll of fog {unknown}
 r - 2 scrolls of enchant armour
 t - 2 scrolls of remove curse {unknown}
 x - 4 scrolls of enchant weapon
 D - 2 scrolls of teleportation
 E - 2 scrolls of amnesia {unknown}
 F - a scroll of blinking {unknown}
 J - a scroll of fear {unknown}
 O - a scroll of brand weapon
 Q - 2 scrolls of identify
Potions
 e - 2 potions of flight
 h - 2 potions of cancellation
 n - a potion of agility
 v - 4 potions of curing {unknown}
 B - a potion of invisibility
 I - a potion of resistance {unknown}
 P - a potion of lignification {unknown}
 S - a potion of might {unknown}
Books
 m - a book of Battle

   Spells                             Type                      Level
   a - Infusion                       Charms                       1
   b - Shroud of Golubria             Charms/Translocation         2
   c - Song of Slaying                Charms                       2
   d - Spectral Weapon                Hexes/Charms                 3
   e - Regeneration                   Charms/Necromancy            3
 N - a book of Debilitation

   Spells                             Type                      Level
   a - Corona                         Hexes                        1
   b - Slow                           Hexes                        2
   c - Inner Flame                    Hexes/Fire                   3
   d - Portal Projectile              Hexes/Translocation          3
   e - Cause Fear                     Hexes                        4
   f - Leda's Liquefaction            Hexes/Earth                  4
Comestibles
 d - 12 rations
 T - a chunk of flesh


   Skills:
 * Level 5.9 Fighting
 - Level 6.3 Short Blades
 + Level 5.7 Maces & Flails
 - Level 1.5 Armour
 - Level 2.3 Dodging
 * Level 2.5 Stealth
 - Level 3.0 Spellcasting
 - Level 5.0 Charms
 - Level 1.0 Necromancy
 - Level 1.3 Translocations


You had 2 spell levels left.
You knew the following spells:

 Your Spells              Type           Power        Failure   Level  Hunger
a - Infusion              Chrm           ###.         1%          1    #......
b - Song of Slaying       Chrm           ###.....     1%          2    ##.....
c - Shroud of Golubria    Chrm/Tloc      ##........   4%          2    ##.....
d - Regeneration          Chrm/Necr      ##........   9%          3    ###....
e - Corona                Hex            #......      10%         1    #......
f - Spectral Weapon       Hex/Chrm       ##......     11%         3    ###....


Dungeon Overview and Level Annotations

Branches:
Dungeon (8/15)             Temple (1/1) D:5
   Lair: D:8-11

Altars:
Ashenzari
Cheibriados
Dithmenos
Elyvilon
Fedhas
Gozag
Hepliaklqana
Kikubaaqudgha
Makhleb
Nemelex Xobeh
Okawaru
Qazlal
Ru
Sif Muna
Trog
Uskayaw
Vehumet
Wu Jian
Xom
Yredelemnul
Zin
The Shining One

Shops:
D:7 [%=

Annotations:
D:3 scrolls behind grate, blow up w spell/wand, 1 exclusion
D:7 2 headed ogre
D:8 3 wights


Innate Abilities, Weirdness & Mutations

You are small and have problems with some larger weapons.
You are somewhat resistant to further mutation.
You have large cloven feet.


Message History

Deactivating autopickup; reactivate with Ctrl-A.
The ogre hits you with a giant club!!
Ouch! That really hurt!
* * * LOW HITPOINT WARNING * * *
You emit a cloud of dark smoke.
Something hits you!
* * * LOW HITPOINT WARNING * * *
You fade into invisibility!
Something barely misses you.
You are very lightly contaminated with residual magic.
The ogre misses you. Something hits you.
* * * LOW HITPOINT WARNING * * *
Something barely misses you. Something hits you.
* * * LOW HITPOINT WARNING * * *
Something closely misses you.
There is a stone staircase leading up here.
Something hits you.
You die...

##
....#.#?#.####.###.#
.#(..#.#.#.# #.#.#.#
....#.#.#.# #.#.#.#
#.>.§§§§#.# #......
#...#§§{§.# #####.#
#..##§#§##########.#
#.....#§{§.......)..
#..#{.#O##.#####....
#..@..#§##.# #.###
#. #....O..##.# #.#
#. #....#####.# #.#
#.##...## #.# #.#
#..#...# #.# #.#
#..#.<## #.# #.#
#....# #.#
####....###
#.........#


You could see an ogre (wandering).

Vanquished Creatures
  Grinder (D:5)
  2 wraiths (Ossuary)
  A phantom (D:5)
  An ice beast (D:5)
  4 ogres
  A necrophage (D:7)
  A centaur (D:7)
  A scorpion (D:7)
  2 wights (Ossuary)
  A crimson imp (D:3)
  A quasit (D:5)
  A centaur skeleton (D:5)
  2 orc priests (D:7)
  A gnoll shaman (D:7)
  A hound (D:4)
  3 jellies
  An iguana (D:6)
  3 orc wizards
  A worker ant (D:4)
  A killer bee zombie (D:7)
  11 adders
  5 gnolls
  An adder zombie (Ossuary)
  4 oozes
  4 worms
  A dart slug (D:1)
  7 leopard geckos
  17 orcs
  4 bats
  7 giant cockroaches
  7 goblins
  6 hobgoblins
  15 jackals
  5 quokkas
  2 ball pythons
  2 ball python skeletons
  7 frilled lizards
  A hobgoblin zombie (Ossuary)
  A jackal skeleton (D:7)
  A jackal zombie (D:5)
  12 kobolds
  2 kobold zombies (Ossuary)
  3 orc skeletons (Ossuary)
  2 orc zombies (Ossuary)
  7 rats
164 creatures vanquished.

Notes
Turn   | Place    | Note
-------+----------+-------------------------------------------
     0 | D:1      | Lejonmanen the Halfling Skald began the quest for the Orb.
     0 | D:1      | Reached XP level 1. HP: 14/14 MP: 3/3
     3 | D:1      | Noticed an elf
     5 | D:1      | Noticed a draconian
    12 | D:1      | Noticed a naga
    16 | D:1      | Noticed a dwarf
    18 | D:1      | Noticed a centaur
    47 | D:1      | Reached skill level 3 in Short Blades
    47 | D:1      | Reached XP level 2. HP: 16/19 MP: 1/4
    54 | D:1      | Learned a level 2 spell: Song of Slaying
   160 | D:1      | Reached XP level 3. HP: 12/24 MP: 0/5
  1025 | D:2      | Reached XP level 4. HP: 29/29 MP: 6/6
  1045 | D:2      | Reached skill level 4 in Short Blades
  1114 | D:2      | Found a shadowy altar of Dithmenos.
  1143 | D:2      | Became a worshipper of Dithmenos the Shadowed
  1323 | D:2      | Learned a level 2 spell: Shroud of Golubria
  1421 | D:2      | Reached skill level 5 in Short Blades
  1421 | D:2      | Reached XP level 5. HP: 22/34 MP: 7/7
  2044 | D:4      | Reached * piety under Dithmenos
  2461 | D:3      | Reached skill level 6 in Short Blades
  2461 | D:3      | Reached XP level 6. HP: 15/39 MP: 3/8
  3073 | D:3      | Found a glowing silver altar of Zin.
  3258 | D:4      | Reached ** piety under Dithmenos
  3378 | D:5      | Entered Level 5 of the Dungeon
  3414 | D:4      | Learned a level 3 spell: Regeneration
  3522 | D:4      | Noticed an ogre
  3538 | D:4      | HP: 1/39 [poisoned by a worker ant]
  3803 | D:5      | Noticed a phantom
  3846 | D:4      | Gained mutation: You have large cloven feet. [potion of mutation]
  3863 | D:4      | Killed an ogre
  3863 | D:4      | Reached XP level 7. HP: 29/45 MP: 1/10
  4261 | D:5      | Reached skill level 5 in Charms
  4524 | D:4      | Got a jewelled mace
  4525 | D:4      | Identified the +8 mace "Halfling's Peril" {venom, MP+9 Int+4} (You found it on level 4 of the Dungeon)
  4593 | D:5      | Noticed Grinder
  4621 | D:5      | Reached XP level 8. HP: 39/54 MP: 12/12
  4630 | D:5      | Paralysed by Grinder for 2 turns
  4640 | D:5      | Killed Grinder
  4640 | D:5      | Reached skill level 1 in Maces & Flails
  4640 | D:5      | Reached skill level 1 in Translocations
  4670 | D:5      | Found a staircase to the Ecumenical Temple.
  4913 | D:5      | Found a snail-covered altar of Cheibriados.
  5034 | Temple   | Entered the Ecumenical Temple
  5168 | D:7      | Reached skill level 5 in Fighting
  5220 | D:7      | Found Mekkesak's Jewellery Shop.
  5383 | D:7      | Found Zool's Food Emporium.
  5394 | D:7      | Reached skill level 1 in Necromancy
  5394 | D:7      | Reached XP level 9. HP: 61/61 MP: 13/13
  5505 | D:7      | Reached *** piety under Dithmenos
  5505 | D:7      | Reached skill level 1 in Stealth
  5583 | D:7      | Found Uklo's Armour Emporium.
  5596 | D:7      | Bought a +0 pair of boots for 58 gold pieces
  5606 | D:7      | Learned a level 1 spell: Corona
  5678 | D:7      | Found a sand-covered staircase.
  5685 | Ossuary  | Entered an ossuary
  5816 | Ossuary  | Reached skill level 5 in Maces & Flails
  6234 | D:8      | Noticed a two-headed ogre
  6616 | D:6      | Learned a level 3 spell: Spectral Weapon
  6628 | D:6      | HP: 3/62 [something (3)]
  6631 | D:6      | Slain by an unseen horror

Skill      XL: |  1  2  3  4  5  6  7  8  9 |
---------------+----------------------------+-----
Short Blades   | 3 5 6 |  6.3
Fighting       | 2 3 5 |  5.9
Spellcasting   | 2 3 |  3.0
Charms         | 4 5 |  5.0
Maces & Flails | 3 5 |  5.7
Translocations | 1 |  1.3
Necromancy     | 1 |  1.0
Stealth        | 2 |  2.5
Armour         | |  1.5
Dodging        | |  2.3

Action                   |  1- 3 |  4- 6 |  7- 9 || total
-------------------------+-------+-------+-------++-------
Melee: Short sword       |   116 |   342 |    39 ||   497
       Flail             |       |     2 |     9 ||    11
       Kick              |       |     3 |    51 ||    54
       Mace              |       |       |   153 ||   153
Throw: Stone             |       |     3 |     1 ||     4
 Cast: Infusion          |     6 |    23 |     5 ||    34
       Song of Slaying   |     3 |     6 |     4 ||    13
       Shroud of Golubri |       |    13 |    35 ||    48
       Regeneration      |       |       |    16 ||    16
  Use: Scroll            |       |     3 |     3 ||     6
       Potion            |       |     8 |     1 ||     9
 Stab: Invisible         |       |     1 |       ||     1
       Sleeping          |       |       |     5 ||     5
  Eat: Chunk             |     1 |    12 |    11 ||    24
       Ration            |       |       |     1 ||     1
Armor: Leather armour    |    19 |    46 |    25 ||    90
Dodge: Dodged            |    69 |   186 |   172 ||   427
Block: Other             |       |     7 |    13 ||    20
       Reflection        |       |     1 |       ||     1
